 Dungeon Crawl Stone Soup version 0.32-a0-328-gd8048dd28f (webtiles) character file.

Game seed: 14039834760661698056

4316 sanka the Carver (level 10, -6/74 HPs)
             Began as a Merfolk Alchemist on Feb 16, 2024.
             Was a Follower of Uskayaw.
             Mangled by a troll (8 damage)
             ... on level 9 of the Dungeon.
             The game lasted 00:17:53 (10841 turns).

sanka the Carver (Merfolk Alchemist)               Turns: 10841, Time: 00:17:53

Health: -6/74      AC: 15    Str:  8    XL:     10   Next: 33%
Magic:  0/13       EV: 17    Int: 22    God:    Uskayaw [*.....]
Gold:   406        SH:  0    Dex: 18    Spells: 12/13 levels left

rFire   . . .        o - +1 whip (elec)
rCold   . . .        (no shield)
rNeg    . . .        K - +0 acid dragon scales
rPois   .            y - +1 helmet "Gazil" {Rampage}
rElec   .            O - +0 cloak
rCorr   +            t - +0 pair of gloves
SInv    .            j - +0 pair of boots
Will    .....        H - amulet of guardian spirit
Stlth   ++           l - +4 ring of protection
HPRegen 0.32/turn    u - +6 ring of intelligence
MPRegen 0.13/turn

%: guardian spirit, rampage
@: no status effects
A: (nimble swimmer 2), mertail
a: Renounce Religion, Stomp


You were on level 9 of the Dungeon.
You worshipped Uskayaw.
Uskayaw was noncommittal.
You visited 1 branch of the dungeon, and saw 9 of its levels.
You also visited: Sewer.

You collected 406 gold pieces.


Innate Abilities, Weirdness & Mutations

((You are very nimble when in or above water. (Stealth+, EV+, Speed+++)))
Your lower body shifts to a powerful aquatic tail in water.


   Skills:
 + Level 5.4 Fighting
 * Level 12.2 Long Blades
 + Level 10.9 Dodging
 - Level 2.1 Stealth
 - Level 2.0 Spellcasting
 - Level 2.0 Conjurations
 - Level 6.0 Alchemy


You had 12 spell levels left.
You knew the following spells:

 Your Spells              Type           Power      Damage    Failure   Level
z - Sting                 Conj/Alch      76%        1d7       4%          1

Your spell library contained the following spells:

 Spells                   Type           Power      Damage    Failure   Level
 Magic Dart               Conj           44%        1d5       11%         1
 Mercury Vapours          Alch/Air       30%        N/A       11%         2
 Olgreb's Toxic Radiance  Alch           28%        N/A       21%         4
 Apportation              Tloc           4%         N/A       24%         1
 Mephitic Cloud           Conj/Alch/Air  13%        N/A       26%         3
 Blink                    Tloc           4%         N/A       36%         2
 Call Imp                 Summ           4%         N/A       36%         2
 Jinxbite                 Hex            4%         N/A       36%         2
 Alistair's Intoxication  Alch           18%        N/A       50%         5
 Sticky Flame             Fire/Alch      15%        2d5       56%         4
 Call Canine Familiar     Summ           2%         N/A       58%         3
 Gell's Gravitas          Tloc           2%         N/A       58%         3
 Sigil of Binding         Hex            2%         N/A       58%         3
 Teleport Other           Tloc           2%         N/A       58%         3
 Dimensional Bullseye     Hex/Tloc       1%         N/A       94%         4
 Dispersal                Tloc           1%         N/A       100%        6

Inventory:

Hand Weapons
 o - a +1 whip of electrocution (weapon)
 p - a +1 whip of draining
 G - a +2 morningstar of protection
 J - a +3 great sword
Missiles
 f - a curare-tipped dart {=f}
 i - 3 throwing nets {=f}
Armour
 j - a +0 pair of boots (worn)
 t - a +0 pair of gloves (worn)
 y - the +1 helmet "Gazil" (worn) {Rampage}

   Rampage:   It bestows one free step when moving towards enemies.
 K - +0 acid dragon scales (worn)
 O - a +0 cloak (worn)
Magical Staves
 P - a staff of alchemy
Jewellery
 l - a +4 ring of protection (left hand)
 u - a +6 ring of intelligence (right hand)
 A - a ring of protection from cold
 E - a ring of resist corrosion
 H - an amulet of guardian spirit (around neck)
Talismans
 v - a talisman of death
Wands
 e - a wand of iceblast (29)
 F - a wand of acid (5)
Scrolls
 a - a scroll of teleportation {@r4}
 c - 3 scrolls of blinking
 d - 5 scrolls of noise {!r}
 k - a scroll of silence {!r}
 r - 3 scrolls of enchant armour
 s - a scroll of fear
 x - a scroll of amnesia {unknown}
 C - 2 scrolls of vulnerability {!r}
 L - 2 scrolls of poison {!r}
 N - a scroll of fog {unknown}
Potions
 b - 2 potions of magic
 g - a potion of lignification {unknown}
 h - 5 potions of enlightenment {unknown}
 m - 4 potions of mutation {unknown}
 n - 3 potions of curing {unknown}
 q - 2 potions of ambrosia {unknown}
 w - 4 potions of invisibility {unknown}
 z - a potion of haste {unknown}
 I - a potion of heal wounds {unknown}
 M - 2 potions of brilliance {unknown}
Miscellaneous
 B - a phial of floods
 D - a phantom mirror

Dungeon Overview and Level Annotations

Branches:
Dungeon (9/15)             Temple (0/1) D:7           Sewer (visited)
   Lair: D:8-11         Orc: D:9-12

Altars:
Fedhas
Gozag
Hepliaklqana
Makhleb
Nemelex Xobeh
Qazlal
Trog
Uskayaw
Vehumet
The Shining One

Shops:
D:1 = D:3

[ .....▒ .......▒..........
...)<▒▒▒▒▒▒......▒..D.....y.
...)))....▒......▒..........
......[...▒......▒..........
..........▒......▒..........
.....▒▒▒▒▒▒......▒..........
.....▒...........▒..........
.....▒..........T▒.........)
.....▒..........m▒..........
.....▒..........>▒...▒...▒▒▒
.....▒....▒......▒...▒......
.....▒....▒......▒...▒ .....
.....▒....▒......▒...▒ .....
.....▒▒▒▒▒▒.....††...▒ .▒..
..........▒..........▒ .▒..
..........▒......▒▒▒▒▒
....))....▒......▒


You could see a troll (poisoned).


Message History

* * * LOW HITPOINT WARNING * * *
The troll closely misses you.
Unknown command.
You hit the troll but do no damage.
The troll is moderately wounded.
The troll completely misses you. The troll claws you.
* * * LOW HITPOINT WARNING * * *
The troll misses you.
Unknown command.
You hit the troll but do no damage.
The troll is moderately wounded.
The troll bites you but does no damage. The troll closely misses you.
The troll barely misses you.
Unknown command.
You hit the troll. Lightning courses through the troll!!
The troll is almost dead.
The troll bites you!
* * * LOW HITPOINT WARNING * * *
The troll misses you. The troll claws you!
* * * LOW HITPOINT WARNING * * *
You barely miss the troll.
The troll is almost dead.
The troll barely misses you. The troll claws you!
You die...
Your body falls in perfect tune with the rhythm.

Action                     |  1- 3 |  4- 6 |  7- 9 | 10-12 || total
---------------------------+-------+-------+-------+-------++-------
  Melee: Spear             |     8 |       |       |       ||     8
         Whip              |       |    53 |   355 |   199 ||   607
         Tailslap          |       |       |     3 |       ||     3
   Cast: Sting             |    40 |   126 |   185 |    36 ||   387
    Use: Scroll            |       |       |       |     8 ||     8
   Stab: Paralysed         |       |     1 |     8 |     4 ||    13
         Sleeping          |       |       |     6 |     1 ||     7
 Armour: Robe              |    12 |    47 |   104 |       ||   163
         Acid dragon scale |       |       |    92 |   213 ||   305
  Dodge: Dodged            |    12 |    70 |   439 |   404 ||   925

Levels and vault maps discovered:
D:1:      erik_arrival_blinker_ship, layout_basic,
          dreamdust_ecumenical_altar_angels_and_demons, serial_shops,
          nicolae_shop_just_a_little_nook
D:2:      layout_basic, chequers_serial_rivers_marsh
D:3:      layout_basic, eat_drink_and_be_merry_uskayaw,
          nicolae_qazlal_general_emergency,
          chequers_temple_overflow_statue_of_worship, serial_shops,
          nicolae_shop_tiny_waterfront, grunt_ministairs_1, uniq_robin,
          uniq_terence
D:4:      layout_rooms, palyth_stone_intersect, minmay_hollow_rounded_squares,
          uniq_menkaure
D:5:      layout_basic
D:6:      layout_loops_corners, portal_sewer_entry_e
D:7:      layout_loops_cross, fedhas_altar_3, grunt_temple_overflow_diamond,
          minmay_temple_entry_slanted
D:8:      layout_rooms, vehumet_crystals, serial_glass, glass_columns_b,
          glass_columns_a
D:9:      layout_grid_maze, grunt_lair_entry_orc_guard_hut,
          kennysheep_orc_monster_closet_entryway, uniq_harold

Notes
Turn   | Place    | Note
-------+----------+-------------------------------------------
     0 | D:1      | sanka the Merfolk Alchemist began the quest for the Orb.
     0 | D:1      | Reached XP level 1. HP: 13/13 MP: 3/3
    20 | D:1      | Reached skill level 1 in Conjurations
    53 | D:1      | Reached XP level 2. HP: 15/19 MP: 0/5
   123 | D:1      | Reached skill level 2 in Conjurations
   339 | D:1      | Reached XP level 3. HP: 19/24 MP: 0/6
   718 | D:1      | Found Avuishrax's Jewellery Shoppe.
   804 | D:1      | Reached skill level 5 in Alchemy
   966 | D:1      | Found a faded altar of an unknown god.
  1294 | D:2      | Reached XP level 4. HP: 30/30 MP: 5/7
  2196 | D:3      | Reached skill level 6 in Alchemy
  2233 | D:3      | Noticed Robin
  2276 | D:3      | Killed Robin
  2277 | D:3      | Reached skill level 3 in Dodging
  2292 | D:3      | Noticed Terence
  2439 | D:3      | Killed Terence
  2440 | D:3      | Reached skill level 4 in Dodging
  2440 | D:3      | Reached XP level 5. HP: 35/35 MP: 0/8
  2639 | D:3      | Found a sparkling altar of Nemelex Xobeh.
  2640 | D:3      | Found a glowing golden altar of the Shining One.
  2642 | D:3      | Found a burning altar of Makhleb.
  2678 | D:3      | Reached skill level 5 in Dodging
  2810 | D:3      | Reached skill level 6 in Dodging
  2810 | D:3      | Reached XP level 6. HP: 40/41 MP: 1/9
  3042 | D:3      | Found a hide-covered altar of Uskayaw.
  3074 | D:3      | Found a stormy altar of Qazlal.
  3378 | D:3      | Found Boaseon's Armour Boutique.
  3418 | D:3      | Became a worshipper of Uskayaw the Reveller
  3572 | D:4      | Reached * piety under Uskayaw
  3819 | D:4      | Reached ** piety under Uskayaw
  3909 | D:4      | Reached skill level 7 in Dodging
  3958 | D:4      | Found a large runed translucent door.
  3958 | D:4      | Found a large runed translucent door.
  4007 | D:4      | Noticed a black bear
  4035 | D:4      | Reached *** piety under Uskayaw
  4139 | D:4      | Identified the +1 helmet "Gazil" {Rampage}
  4173 | D:4      | Found a large runed translucent door.
  4173 | D:4      | Found a large runed translucent door.
  4294 | D:4      | Noticed Menkaure
  4306 | D:4      | Killed Menkaure
  4307 | D:4      | Reached skill level 8 in Dodging
  4307 | D:4      | Reached XP level 7. HP: 42/46 MP: 10/10
  4563 | D:4      | Reached skill level 9 in Dodging
  4761 | D:5      | Entered Level 5 of the Dungeon
  4898 | D:5      | Reached skill level 10 in Dodging
  4898 | D:5      | Reached skill level 1 in Fighting
  4981 | D:5      | Reached skill level 2 in Fighting
  4981 | D:5      | Reached XP level 8. HP: 17/56 MP: 1/11
  5166 | D:5      | Reached skill level 3 in Fighting
  5522 | D:8      | Reached skill level 4 in Fighting
  5561 | D:8      | Reached skill level 5 in Fighting
  5705 | D:8      | HP: 6/62 [gnoll/+2 spear of flaming[a gnoll bouda] (3)]
  5706 | D:8      | HP: 1/62 [gnoll/+2 spear of flaming[a gnoll bouda] (2)]
  5943 | D:8      | Found a radiant altar of Vehumet.
  6023 | D:8      | Reached skill level 1 in Long Blades
  6027 | D:8      | Reached skill level 2 in Long Blades
  6075 | D:8      | Reached skill level 3 in Long Blades
  6185 | D:8      | Reached skill level 4 in Long Blades
  6237 | D:8      | Reached skill level 5 in Long Blades
  6246 | D:8      | Reached XP level 9. HP: 52/68 MP: 4/12
  6255 | D:8      | Reached **** piety under Uskayaw
  6257 | D:8      | Reached skill level 6 in Long Blades
  6483 | D:8      | Identified +0 acid dragon scales
  6484 | D:8      | Reached skill level 7 in Long Blades
  6863 | D:7      | Found a blossoming altar of Fedhas.
  6904 | D:7      | Reached skill level 8 in Long Blades
  7052 | D:7      | Found a hazy altar of Hepliaklqana.
  7056 | D:7      | Found an opulent altar of Gozag.
  7061 | D:7      | Found a bloodstained altar of Trog.
  7304 | D:7      | Noticed a hornet
  7315 | D:7      | Paralysed by a hornet for 3 turns
  7320 | D:7      | Killed a hornet
  7321 | D:7      | Reached skill level 9 in Long Blades
  7376 | D:7      | Found a staircase to the Ecumenical Temple.
  8009 | D:6      | Found a glowing drain.
  8019 | D:6      | Reached skill level 10 in Long Blades
  8023 | Sewer    | Entered a sewer
  8226 | Sewer    | Found a shimmering altar of Xom.
  8838 | D:6      | Reached skill level 11 in Long Blades
  8838 | D:6      | Reached XP level 10. HP: 74/74 MP: 7/13
  8859 | D:6      | Reached ***** piety under Uskayaw
  9862 | D:5      | Reached skill level 12 in Long Blades
 10840 | D:9      | HP: 2/74 [troll (8)]
 10841 | D:9      | Mangled by a troll

Vanquished Creatures
  A hornet (D:7)
  Menkaure (D:4)
  2 acid dragons
  3 orc warriors
  An ice beast (D:5)
  A black bear (D:4)
  2 ogres (D:6)
  2 centaurs
  A kobold brigand (D:9)
  A phantom (D:7)
  4 scorpions
  8 wights
  11 killer bees
  A howler monkey (D:6)
  4 bombardier beetles
  A hound (D:4)
  2 jellies
  8 orc priests
  4 iguanas
  3 gnoll boudas
  9 orc wizards
  Terence (D:3)
  3 sleepcaps
  Robin (D:3)
  18 gnolls
  8 adders
  4 river rats
  A shadow imp (D:7)
  2 white imps
  4 ufetubi
  4 ribbon worms
  7 dart slugs
  35 orcs
  15 endoplasms
  7 giant cockroaches
  11 goblins
  10 hobgoblins
  13 kobolds
  4 quokkas
  14 ball pythons
  6 bats
  4 frilled lizards
  8 rats
250 creatures vanquished.
